Umenahisha, neutral female human Wizard ---------- --------- |.........# |.<.....| -------- |........|# |.......| |.......###*###|........|###########o#)#### -----.--- |...>^.| #|........|# # ## |.......### #---.--o---# # # |......| #####*@###### # ### |...)...# # # # +## # --------# # #### # ### # # ## # ### # ### ----.----- ## ######## ##### # |...^....| # ### -----.--|--- ### |........| # # |..........| # |.........#*### ###|..........| ##.........| # #-..........| ---------- |..........| ------------ Umenahisha the Conjurer Experience level: 4 Strength: 13 Dexterity: 13 Constitution: 17 Intelligence: 17 Wisdom: 13 Charisma: 10 Health: 0(34) Energy: 36(47) Def: 1 Gold: 667 Moves: 2790 Dungeon seed: SL2AQA062c5IvEvu Game ID: Umenahisha_1486590223 Your Inventory: Coins $ - 667 gold pieces Weapons a - a blessed +1 quarterstaff v - 2 +0 daggers (in quiver) x - the +0 Sting (weapon in hand) Armor e - an uncursed +0 cloak of magic resistance (being worn) q - an uncursed +0 elven mithril-coat Comestibles A - an uncursed lichen corpse Scrolls j - an uncursed scroll of light k - an uncursed scroll of magic mapping o - a blessed scroll of confuse monster u - an uncursed scroll of confuse monster D - a cursed scroll of genocide K - an uncursed scroll of create monster Potions f - an uncursed potion of water g - a blessed potion of see invisible w - a blessed potion of booze z - an uncursed potion of levitation E - an uncursed potion of fruit juice F - a blessed potion of acid G - an uncursed potion of restore ability H - an uncursed potion of sickness Rings c - an uncursed +2 ring of gain constitution (on left hand) d - an uncursed +2 ring of gain strength Wands b - a wand of digging (0:8) n - a wand of slow monster (0:4) r - a wand of light (0:14) J - a wand of speed monster (0:5) Tools I - an uncursed bag of holding Gems y - an uncursed luckstone B - 2 uncursed worthless pieces of white glass N - an uncursed obsidian stone Y - an uncursed worthless piece of orange glass Contents of the bag of holding: an uncursed spellbook of extra healing a blessed spellbook of force bolt Spells and supernatural/magical abilities: Name Level Category Fail Memory a - force bolt 1 attack 0% 87% x - extra healing 3 healing 93% 87% W - pray for help -- divine ? -- Your skills at the end: Fighting Skills Weapon Skills quarterstaff [Basic] Spellcasting Skills attack spells [Basic] enchantment spells [Basic] Final Attributes: You were piously aligned. You were magic-protected. You were aware of the presence of orcs. You were lucky. You had extra luck. Bad luck did not time out for you. Good luck did not time out for you. You are dead. Vanquished creatures: a floating eye 3 orc zombies a dwarf zombie 3 iguanas an acid blob a coyote a gas spore 3 hobbits a hobgoblin a brown mold 2 gnome zombies 2 geckos 5 jackals a kobold 2 goblins 4 grid bugs 4 lichens 4 kobold zombies 7 newts 47 creatures vanquished. Genocided species: small mimics large mimics giant mimics 3 species genocided. Voluntary challenges: You were an atheist. You used a wielded weapon 42 times, starting on turn 94. You read items or engraved 1 time, starting on turn 1. You genocided 3 types of monsters, starting on turn 1. You never polymorphed an object. You never changed form. You used no wishes. You never split a pudding. You never wrote Elbereth's name. You never violated your personal moral code. Dungeon overview: The Dungeons of Doom: levels 1 to 6 Level 1 a long staircase Level 2 a long staircase Level 3 some fountains Level 4 Level 5 <- You were here Level 6 a fountain a long staircase History has recorded: On T:1 you entered the Dungeons of Doom to retrieve the Amulet of Yendor! On T:426 you reached level 2 of The Dungeons of Doom. On T:687 you advanced to experience level 2. On T:830 you reached level 3 of The Dungeons of Doom. On T:1061 you advanced to experience level 3. On T:1422 you reached level 4 of The Dungeons of Doom. On T:1915 you advanced to experience level 4. On T:2154 you reached level 5 of The Dungeons of Doom. On T:2393 you reached level 6 of The Dungeons of Doom. Score breakdown: Gold: 667 ( 9608 points) Experience: 4 levels ( 9649 points) Exploration: 6 levels ( 12.00%) ( 9583 points) Discoveries: 0 items ( 0.00%) ( 0 points) Valuables value: (no points given unless you survive) Artifact value: 800 ( 9877 points) Variety of kills: 19 monsters ( 4.99%) ( 6699 points) Turncount: 2790 turns ( -492 points) Survival: died (score multiplied by 80%) Total score: 35939 Latest messages: You see here 63 rocks. You stop exploring. (2x) The dagger hits the hill orc. The dagger misses. You have nothing appropriate for your quiver! Never mind. The hill orc wields a curved sword! v - a dagger (in quiver). The hill orc swings her curved sword. The hill orc hits! v - a dagger (in quiver). You see here 32 rocks. The hill orc swings her curved sword. The hill orc hits! You hit the hill orc. The hill orc swings her curved sword. The hill orc hits! You miss the hill orc. The hill orc swings her curved sword. The hill orc hits! You die... Final status: Goodbye Umenahisha the Wizard, killed by a hill orc... You died in The Dungeons of Doom on dungeon level 5 with 35939 points, and 667 pieces of gold, after 2790 moves. You were level 4 with a maximum of 34 hit points when you died.